 Dungeon Crawl Stone Soup version 0.25.1-1-g288607f5aa (webtiles) character file.

Game seed: 7024929799441779040

175 Asdor the Skirmisher (level 5, 0/42 HPs)
             Began as a Demonspawn Abyssal Knight on July 23, 2020.
             Was a Believer of Lugonu.
             Slain by a sky beast (5 damage)
             ... on level 4 of the Dungeon.
             The game lasted 00:12:35 (3852 turns).

Asdor the Skirmisher (Demonspawn Abyssal Knight)    Turns: 3852, Time: 00:12:36

Health: 0/42       AC:  6    Str: 12    XL:     5   Next: 29%
Magic:  6/6        EV: 12    Int: 13    God:    Lugonu [**....]
Gold:   289        SH:  0    Dex: 16    Spells: 4/4 levels left

rFire    . . .     SeeInvis .   a - +1 spear
rCold    . . .     Gourm    .   (no shield)
rNeg     . . .     Faith    .   b - +0 leather armour
rPois    +         Spirit   .   (helmet restricted)
rElec    .         Reflect  .   (no cloak)
rCorr    .         Harm     .   (no gloves)
MR       .....                  j - +2 pair of boots
Stlth    +.........             (no amulet)
HPRegen  0.14/turn              g - ring of wizardry
MPRegen  0.10/turn              (no ring)

@: no status effects
A: antennae 2, claws 1, hooves 1, agile 1, poison resistance, MP-powered wands
a: Depart the Abyss, Bend Space, Renounce Religion


You were on level 4 of the Dungeon.
You worshipped Lugonu.
Lugonu was pleased with you.
You were hungry.

You visited 1 branch of the dungeon, and saw 4 of its levels.
You visited the Abyss 1 time.

You collected 289 gold pieces.

Inventory:

Hand Weapons
 a - a +1 spear (weapon)
Armour
 b - a +0 leather armour (worn)
 j - a +2 pair of boots (worn)
Jewellery
 g - a ring of wizardry (left claw)
Scrolls
 d - a scroll of remove curse
 f - a scroll of fog
Potions
 e - 2 potions of heal wounds
 i - a potion of stabbing {unknown}
 l - a potion of curing
Comestibles
 c - 9 rations


   Skills:
 + Level 3.7 Fighting
 * Level 3.4 Polearms
 + Level 2.6 Armour
 + Level 2.1 Dodging
 - Level 2.4 Invocations


You had 4 spell levels left.
You didn't know any spells.
Your spell library was empty.

Dungeon Overview and Level Annotations

Branches:
Dungeon (4/15)
 Temple: D:4-7

Altars:
Ashenzari
Gozag
Okawaru
Ru
Beogh


Innate Abilities, Weirdness & Mutations

You have a pair of antennae on your head.
You have sharp fingernails.
You have large cloven feet.
You are agile. (Dex +2)
Your system is resistant to poisons. (rPois)
You expend magic power (3 MP) to strengthen your wands.


Message History

The sky beast misses you.
You hit the sky beast.
The sky beast is severely wounded.
The sky beast hits you. The sky beast shocks you.
You barely miss the sky beast.
The sky beast is severely wounded.
The sky beast hits you. The sky beast shocks you.
* * * LOW HITPOINT WARNING * * *
You hit the sky beast.
The sky beast is almost dead.
The sky beast misses you.
You hit the sky beast but do no damage.
The sky beast is almost dead.
The sky beast hits you but does no damage.
You hit the sky beast.
The sky beast is almost dead.
The sky beast hits you.
* * * LOW HITPOINT WARNING * * *
The sky beast shocks you.
You die...

###########
#.........#
#.........#
#.........#
#....Y....###
#....@.......
#............
############.


You could see a sky beast.

Vanquished Creatures
  An orc priest (D:3)
  Jessica (D:3)
  2 adders (D:3)
  2 oozes
  4 worms
  2 dart slugs (D:1)
  A leopard gecko (D:1)
  9 orcs (D:3)
  10 bats
  3 giant cockroaches
  5 goblins
  4 hobgoblins
  2 jackals (D:3)
  3 quokkas
  A ball python (D:2)
  6 frilled lizards
  8 kobolds
  5 rats
69 creatures vanquished.

Notes
Turn   | Place    | Note
-------+----------+-------------------------------------------
     0 | Abyss:1  | Asdor the Demonspawn Abyssal Knight began the quest for the
                  | Orb.
     0 | Abyss:1  | Reached XP level 1. HP: 18/18 MP: 2/2
    26 | Abyss:2  | Found a corrupted altar of Lugonu.
    52 | Abyss:2  | Noticed a sixfirhy
    64 | Abyss:2  | Noticed a large abomination
    75 | Abyss:2  | Noticed a glowing orange brain
    85 | Abyss:2  | Noticed a kobold demonologist
    87 | D:1      | Escaped the Abyss
   172 | D:1      | Reached skill level 1 in Dodging
   283 | D:1      | Reached * piety under Lugonu
   429 | D:1      | Gained mutation: You have a pair of small antennae on your
                  | head. [demonic ancestry]
   429 | D:1      | Reached XP level 2. HP: 24/24 MP: 3/3
   960 | D:1      | Gained mutation: You have large cloven feet. [demonic
                  | ancestry]
   960 | D:1      | Reached XP level 3. HP: 29/29 MP: 4/4
  1524 | D:2      | Found an opulent altar of Gozag.
  1831 | D:2      | Found a shattered altar of Ashenzari.
  2177 | D:3      | Reached XP level 4. HP: 27/35 MP: 5/5
  2245 | D:3      | Found a roughly hewn altar of Beogh.
  2254 | D:3      | Reached ** piety under Lugonu
  2444 | D:3      | Noticed Jessica
  2450 | D:3      | Killed Jessica
  2450 | D:3      | Gained mutation: You have sharp fingernails. [demonic
                  | ancestry]
  2450 | D:3      | Reached XP level 5. HP: 31/42 MP: 6/6
  2558 | D:3      | Noticed an ice beast
  2990 | D:3      | Found a sacrificial altar of Ru.
  3186 | D:3      | Gained mutation: You have a pair of antennae on your head.
                  | [potion of mutation]
  3186 | D:3      | Gained mutation: You expend magic power (3 MP) to
                  | strengthen your wands. [potion of mutation]
  3186 | D:3      | Gained mutation: Your system is resistant to poisons.
                  | (rPois) [potion of mutation]
  3186 | D:3      | Gained mutation: You are agile. (Dex +2) [potion of
                  | mutation]
  3382 | D:3      | Found an iron altar of Okawaru.
  3839 | D:4      | Noticed a sky beast
  3852 | D:4      | Slain by a sky beast

Illustrated notes

Levels and vault maps discovered:
D:1:      dpeg_arrival_arbitrary_a, layout_loops_corners
D:2:      layout_rooms, evilmike_ruin_ashenzari, grunt_gozag_statues
D:3:      layout_basic, nicolae_overflow_crystal_walls, marbit_many_paths,
          gup_sewer_entry_glass, kennysheep_orc_chapel, uniq_jessica
D:4:      layout_rooms, dancing_weapons_uskayaw, uniq_blork_the_orc

Skill      XL: |  1  2  3  4 |
---------------+-------------+-----
Dodging        | 1 2 |  2.1
Polearms       | 2 3 |  3.4
Armour         | 2 |  2.6
Fighting       | |  3.7
Invocations    | |  2.4

Action                   |  1- 3 |  4- 6 || total
-------------------------+-------+-------++-------
Melee: Spear             |   169 |   186 ||   355
       Kick              |     4 |       ||     4
Invok: Depart the Abyss  |     1 |       ||     1
  Use: Scroll            |     4 |     4 ||     8
       Potion            |       |     3 ||     3
 Stab: Sleeping          |     3 |       ||     3
  Eat: Chunk             |     4 |     5 ||     9
Armor: Leather armour    |    33 |    49 ||    82
Dodge: Dodged            |    69 |    81 ||   150
